 Dungeon Crawl Stone Soup version 0.28-a0-199-g298df9dbad (webtiles) character file.

Game seed: 9301052928016961243

1654 bande the Chopper (level 9, -1/54 HPs)
             Began as a Gargoyle Fighter on Aug 19, 2021.
             Was a Believer of Okawaru.
             Slain by a black bear (6 damage)
             ... on level 5 of the Dungeon.
             The game lasted 00:12:45 (7211 turns).

bande the Chopper (Gargoyle Fighter)                Turns: 7211, Time: 00:12:46

Health: -1/54      AC: 14    Str: 23    XL:     9   Next: 0%
Magic:  12/12      EV:  8    Int:  8    God:    Okawaru [**....]
Gold:   273        SH:  8    Dex: 10    Spells: 8/8 levels left

rFire   . . .      SeeInvis +   j - +0 war axe (elec)
rCold   . . .      Faith    .   c - +0 kite shield
rNeg    + . .      Spirit   .   b - +0 scale mail
rPois   ∞          Reflect  .   f - +1 hat
rElec   +          Harm     .   k - scarf {+Inv}
rCorr   .          Rampage  .   (no gloves)
Will    .....                   (no boots)
Stlth   ..........              (no amulet)
HPRegen 0.18/turn               n - ring of see invisible
MPRegen 0.13/turn               (no ring)

@: no status effects
A: sickness immunity, AC +6, negative energy resistance 1, electricity
resistance, torment resistance 1, petrification resistance
a: Renounce Religion, Evoke Invisibility, Heroism


You were on level 5 of the Dungeon.
You worshipped Okawaru.
Okawaru was pleased with you.
You visited 1 branch of the dungeon, and saw 6 of its levels.

You collected 273 gold pieces.

Inventory:

Hand Weapons
 a - a +0 war axe
 j - a +0 war axe of electrocution (weapon)
 l - a +0 flail
Armour
 b - a +0 scale mail (worn)
 c - a +0 kite shield (worn)
 f - a +1 hat (worn)
 k - a scarf of invisibility (worn)
Jewellery
 i - a ring of fire
 n - a ring of see invisible (left hand)
Wands
 h - a wand of flame (13)
Potions
 d - a potion of might
 e - 2 potions of curing
 g - a potion of ambrosia


   Skills:
 + Level 5.5 Fighting
 + Level 6.5 Axes
 + Level 5.7 Armour
 - Level 2.1 Dodging
 + Level 5.1 Shields
 * Level 4.4 Invocations


You had 8 spell levels left.
You didn't know any spells.
Your spell library contained the following spells:

 Spells                   Type           Power      Damage    Failure   Level
 Passwall                 Tmut/Erth      0%         N/A       99%         2
 Stone Arrow              Conj/Erth      0%         3d7       100%        3
 Swiftness                Air            0%         N/A       100%        3
 Bolt of Magma            Conj/Fire/Erth 0%         4d4       100%        5
 Invisibility             Hex            0%         N/A       100%        6
 Shatter                  Erth           0%         3d5*      100%        9


Dungeon Overview and Level Annotations

Branches:
Dungeon (6/15)             Temple (0/1) D:5

Altars:
Ashenzari
Nemelex Xobeh
Okawaru
Trog
Yredelemnul
The Shining One

Annotations:
D:4 1 runed translucent door


Innate Abilities, Weirdness & Mutations

You are immune to sickness and miasma.
Your stone body is resilient. (AC +6)
You are immune to poison.
You resist negative energy. (rN+)
You are resistant to electric shocks. (rElec)
You are resistant to unholy torment.
You are immune to petrification.


Message History

There is a stone staircase leading down here.
You hit the black bear but do no damage.
The black bear is severely wounded.
You block the black bear's attack. The black bear closely misses you.
The black bear claws you but does no damage.
The black bear bites you!
* * * LOW HITPOINT WARNING * * *
The black bear claws you but does no damage.
The black bear claws you.
* * * LOW HITPOINT WARNING * * *
You feel much better. The black bear bites you!
* * * LOW HITPOINT WARNING * * *
The black bear claws you but does no damage.
You block the black bear's attack.
You hit the black bear.
The black bear is severely wounded.
The black bear bites you but does no damage.
The black bear barely misses you. You block the black bear's attack.
The black bear bites you.
* * * LOW HITPOINT WARNING * * *
The black bear closely misses you. The black bear claws you.
* * * LOW HITPOINT WARNING * * *
You closely miss the black bear.
The black bear is severely wounded.
The black bear bites you.
* * * LOW HITPOINT WARNING * * *
The black bear claws you but does no damage.
The black bear barely misses you. You block the black bear's attack.
The black bear misses you. You block the black bear's attack.
You feel better. You block the black bear's attack.
The black bear completely misses you. The black bear claws you.
* * * LOW HITPOINT WARNING * * *
The black bear bites you.
* * * LOW HITPOINT WARNING * * *
The black bear barely misses you. The black bear claws you.
* * * LOW HITPOINT WARNING * * *
You hit the black bear.
The black bear is severely wounded.
The black bear bites you.
You die...

#.## ##.# #.. ##.# #.##
###.< ######..#
#..###...# #..#....##
##..#...## ###......###
##....###.
#........###.....##..
##...###............#
####...####...........#
#.....@.###..##..###..#
###....h.##.####.# ##.#
##........# #.# #..
#.......## #.## ##.
###.....### #..# ###
#.........####..###.#
#..........#.....##..
###...........##.....
#...........#####...


You could see a black bear (berserk).

Vanquished Creatures
  Grinder (D:5)
  2 sky beasts (D:5)
  A black bear (D:5)
  An ogre (D:5)
  A phantom (D:5)
  6 scorpions
  A water moccasin zombie (D:5)
  A bullfrog zombie (D:5)
  2 hounds (D:5)
  An orc priest (D:5)
  A centaur skeleton (D:4)
  A gnoll shaman (D:5)
  A human skeleton (D:4)
  Natasha (thrice) (D:2)
  3 orc wizards
  Robin (D:2)
  8 gnolls
  5 adders
  2 adder skeletons
  2 worms (D:2)
  2 dart slugs
  16 orcs
  7 ball pythons
  5 endoplasms
  5 giant cockroaches
  19 goblins
  11 hobgoblins
  4 jackals
  3 quokkas
  4 bats
  6 frilled lizards
  6 kobolds
  5 rats
137 creatures vanquished.

Vanquished Creatures (others)
  17 fungi (D:5)
17 creatures vanquished.

Grand Total: 154 creatures vanquished

Notes
Turn   | Place    | Note
-------+----------+-------------------------------------------
     0 | D:1      | bande the Gargoyle Fighter began the quest for the Orb.
     0 | D:1      | Reached XP level 1. HP: 14/14 MP: 1/1
    59 | D:1      | Reached skill level 2 in Axes
   599 | D:1      | Reached XP level 2. HP: 19/19 MP: 2/2
   886 | D:1      | Found a faded altar of an unknown god.
  1104 | D:1      | Reached XP level 3. HP: 17/23 MP: 3/3
  1812 | D:2      | Noticed Natasha
  1818 | D:2      | Killed Natasha
  1819 | D:2      | Reached skill level 3 in Axes
  1819 | D:2      | Reached XP level 4. HP: 28/29 MP: 4/4
  1845 | D:2      | Noticed Robin
  1868 | D:2      | Killed Robin
  2139 | D:2      | Noticed Natasha
  2158 | D:2      | Killed Natasha
  2159 | D:2      | Reached XP level 5. HP: 9/33 MP: 5/5
  2673 | D:2      | Noticed Natasha
  2689 | D:2      | Killed Natasha
  2690 | D:2      | Reached skill level 1 in Dodging
  3140 | D:3      | Found an iron altar of Okawaru.
  3146 | D:3      | Became a worshipper of Warmaster Okawaru
  3186 | D:3      | Found a sparkling altar of Nemelex Xobeh.
  3195 | D:3      | Reached skill level 4 in Axes
  3220 | D:3      | Reached XP level 6. HP: 23/38 MP: 6/6
  4094 | D:4      | Reached skill level 1 in Invocations
  4655 | D:4      | Reached XP level 7. HP: 43/43 MP: 8/8
  4663 | D:4      | Found a runed translucent door.
  4663 | D:4      | Noticed a human
  4667 | D:4      | Found a basalt altar of Yredelemnul.
  4975 | D:4      | Reached * piety under Okawaru
  4976 | D:4      | Reached skill level 5 in Axes
  5052 | D:5      | Entered Level 5 of the Dungeon
  5186 | D:5      | Noticed Grinder
  5204 | D:5      | Paralysed by Grinder for 3 turns
  5207 | D:5      | Killed Grinder
  5208 | D:5      | Reached XP level 8. HP: 16/48 MP: 8/10
  5440 | D:5      | Found a glowing golden altar of the Shining One.
  5843 | D:5      | Reached skill level 5 in Fighting
  5843 | D:5      | Reached skill level 5 in Armour
  5856 | D:5      | Found a staircase to the Ecumenical Temple.
  5886 | D:5      | Reached ** piety under Okawaru
  5887 | D:5      | Reached skill level 6 in Axes
  6463 | D:5      | Reached skill level 5 in Shields
  7129 | D:6      | Reached XP level 9. HP: 54/54 MP: 12/12
  7137 | D:6      | Found a broken altar of Ashenzari.
  7159 | D:6      | Found a bloodstained altar of Trog.
  7211 | D:5      | Slain by a black bear

Illustrated notes

Levels and vault maps discovered:
D:1:      psy_arrival_basics, layout_basic,
          hellmonk_ecumenical_altar_arch_garden, glass_columns_b,
          grunt_decor_cap
D:2:      layout_basic, uniq_robin, uniq_natasha
D:3:      layout_rooms, mainiacjoe_overflow_concentric_impassable,
          okawaru_ov_weapons_minmay, kennysheep_donut
D:4:      layout_rooms, dk_yredelemnul_ordeal, chequers_arboretum
D:5:      layout_layer_cave, mainiacjoe_overflow_chevrons,
          minmay_temple_entry_antechambers, uniq_grinder
D:6:      minmay_polygon_palace, layout_basic, mainiacjoe_overflow_brackets,
          mainiacjoe_overflow_surrounded_room, trog_ov_bears_minmay,
          elyvilon_altar_5

Skill      XL: |  1  2  3  4  5  6  7  8 |
---------------+-------------------------+-----
Axes           | 2 3 4 5 6 |  6.5
Dodging        | 1 2 |  2.1
Armour         | 4 5 |  5.7
Fighting       | 4 5 |  5.5
Invocations    | 1 2 4 |  4.4
Shields        | 4 5 |  5.1

Action                   |  1- 3 |  4- 6 |  7- 9 || total
-------------------------+-------+-------+-------++-------
Melee: War axe           |   100 |   197 |   115 ||   412
  Use: Scroll            |     1 |     5 |     2 ||     8
       Potion            |       |     2 |     4 ||     6
Armor: Scale mail        |    67 |   129 |    96 ||   292
Dodge: Dodged            |    38 |    78 |    58 ||   174
Block: Kite shield       |    47 |   112 |    89 ||   248

Table legend: (Time is in decaauts)
 A = Elapsed time spent in this place.
 B = Non-inter-level travel time spent in this place.
 C = Inter-level travel time spent in this place.
 D = Time resting spent in this place.
 E = Time spent auto-exploring this place.
 F = Levels seen in this place.
 G = Mean time per level.
                   A        B        C        D        E       F      G
               +--------+--------+--------+--------+--------+-----+--------+
         Total |   7473 |   7414 |     59 |   2323 |   3805 |   6 | 1245.5 |
       Dungeon |   7473 |   7414 |     59 |   2323 |   3805 |   6 | 1245.5 |
               +--------+--------+--------+--------+--------+-----+--------+

Top non-repeatable levels by time:
     D:5: 2085 daAuts
     D:2: 1807 daAuts
     D:1: 1381 daAuts
     D:3: 1111 daAuts
     D:4: 974 daAuts
     D:6: 113 daAuts
